 Dungeon Crawl Stone Soup version 0.27-a0-780-geb8d7bc690 (webtiles) character file.

Game seed: 14001719125766184564

107 Glokmah the Magician (level 4, -3/32 HPs)
             Began as a Djinni Fire Elementalist on Mar 26, 2021.
             Was a Follower of Lugonu.
             Slain by an ancient zyme (9 damage)
             ... on level 1 of the Abyss.
             The game lasted 00:05:55 (3740 turns).

Glokmah the Magician (Djinni Fire Elementalist)     Turns: 3740, Time: 00:05:56

Health: -3/32      AC:  2    Str:  6 (7)  XL:     4   Next: 85%
Gold:   91         EV: 12    Int: 18      God:    Lugonu [*.....] SH:  0 Dex: 13

rFire    + + .     SeeInvis .   f - +0 whip
rCold    x . .     Faith    .   (no shield)
rNeg     . . .     Spirit   .   a - +0 robe
rPois    ∞         Reflect  .   (no helmet)
rElec    .         Harm     .   (no cloak)
rCorr    .         Rampage  .   (no gloves)
Will     .....                  (boots unavailable)
Stlth    ++........             (no amulet)
HPRegen  0.10/turn              (no ring)
MPRegen  0.00/turn              (no ring)

@: mighty, about to teleport, flying
A: fire resistance 2, cold vulnerability 1, float, innate caster, hp casting,
extra vitality 1, deterioration 1
a: Renounce Religion, Depart the Abyss


You were on level 1 of the Abyss.
You worshipped Lugonu.
Lugonu was aware of your devotion.
You visited 1 branch of the dungeon, and saw 3 of its levels.
You visited the Abyss 1 time.

You collected 91 gold pieces.

Inventory:

Hand Weapons
 f - a +0 whip (weapon)
 j - a +0 spear
Missiles
 e - 157 stones
 g - 20 arrows
Armour
 a - a +0 robe (worn)
 d - a +0 leather armour
Wands
 p - a wand of paralysis (10)
Scrolls
 c - a scroll of amnesia {unknown}
 i - 3 scrolls of identify {unknown}
 k - a scroll of torment {unknown}
 m - a scroll of noise {unknown}
 n - a scroll of teleportation
 o - a scroll of enchant armour {unknown}
Potions
 h - a potion of lignification {unknown}
 l - a potion of flight {unknown}


   Skills:
 + Level 1.6 Fighting
 + Level 1.7 Armour
 + Level 3.0 Dodging
 - Level 1.5 Stealth
 * Level 3.5 Spellcasting


You couldn't memorise any spells.
You knew the following spells:

 Your Spells              Type           Power      Damage    Failure   Level
a - Foxfire               Conj/Fire      64%        2x1d7     3%          1
b - Conjure Flame         Conj/Fire      16%        6-21      11%         3
c - Inner Flame           Hex/Fire       16%        N/A       11%         3
d - Sticky Flame          Conj/Fire      16%        2d4       34%         4
e - Fireball              Conj/Fire      8%         3d6       69%         5
f - Apportation           Tloc           32%        N/A       3%          1
Your spell library was empty.

Dungeon Overview and Level Annotations

Branches:
Dungeon (3/15)

Altars:
Okawaru
Ru
Lugonu

Portals:
Abyss: D:3


Innate Abilities, Weirdness & Mutations

You are immune to poison.
Your flesh is very heat resistant. (rF++)
You are vulnerable to cold. (rC-)
You float through the air rather than walking.
You learn spells naturally, not from books.
Your magical power is your life essence.
You have superior vitality. (+4 HP)
Your body sometimes deteriorates upon taking damage.


Message History

There is a corrupted altar of Lugonu here.
You hover solemnly before the altar of Lugonu.
Lugonu welcomes you!
You can now depart the Abyss.
There is a one-way gate to the infinite horrors of the Abyss here.
Okay, then.
If you enter this portal you might not be able to return immediately.
Continue?
You enter the Abyss!
To return, you must find a gate leading back.
Killing monsters will force the Abyss to allow you passage.
This branch contains the abyssal rune of Zot.
Found a sharpened wooden wand.
p - a wand of paralysis (10)
Found 30 sling bullets.
Found 16 gold pieces.
You now have 91 gold pieces (gained 16).
A neqoxec comes into view.
The neqoxec shouts!
The neqoxec gestures at you.
Strange energies course through your body.
You feel yourself wasting away.
An ancient zyme comes into view.
You feel yourself growing ill in the presence of the ancient zyme.
Found a pitted golden ring.
Okay, then.
Okay, then.
As you read the scroll labelled EKU NOYXTOJIQY, it crumbles to dust.
You feel strangely unstable.
You feel the power of the Abyss delaying your translocation!
It was a scroll of teleportation.
The ancient zyme hits you. The ancient zyme hits you!
Okay, then.
It was a potion of might.
You feel very mighty all of a sudden. The ancient zyme hits you.
The ancient zyme closely misses you. The ancient zyme hits you!
* * * LOW HITPOINT WARNING * * *
Your body deteriorates!
You feel weakened. The ancient zyme hits you!
You die...

.= ####.#####
.#. ..
.⌠#.#⌠..... #
.###...#.##..##
.#....## .. .#
.##..##...#.#
.#.3..###...
#..##.......
#x##..##..##
#@####. ## ###
.# ##


You could see an ancient zyme and a neqoxec.

Vanquished Creatures
  A hound skeleton (D:3)
  3 adders
  2 worms
  A dart slug (D:2)
  An orc (D:3)
  4 ball pythons
  4 bats (D:1)
  3 endoplasms
  2 giant cockroaches
  5 goblins
  6 hobgoblins
  7 jackals
  2 quokkas (D:3)
  4 frilled lizards
  4 kobolds
  5 rats
54 creatures vanquished.

Vanquished Creatures (others)
  190 foxfires
  2 lurking horrors (D:3)
192 creatures vanquished.

Grand Total: 246 creatures vanquished

Notes
Turn   | Place    | Note
-------+----------+-------------------------------------------
     0 | D:1      | Glokmah the Djinni Fire Elementalist began the quest for
                  | the Orb.
     0 | D:1      | Reached XP level 1. HP: 15/15 MP: 0/0
   330 | D:1      | Reached XP level 2. HP: 16/22 MP: 0/0
  1690 | D:2      | Reached XP level 3. HP: 22/26 MP: 0/0
  1690 | D:2      | Learned a level 1 spell: Apportation
  1700 | D:2      | Reached skill level 1 in Armour
  1702 | D:2      | Found an iron altar of Okawaru.
  1804 | D:2      | Reached skill level 1 in Fighting
  2195 | D:2      | Reached XP level 4. HP: 16/32 MP: 0/0
  2456 | D:2      | Found a sacrificial altar of Ru.
  3444 | D:3      | Found a one-way gate to the infinite horrors of the Abyss.
  3445 | D:3      | Found a corrupted altar of Lugonu.
  3676 | D:3      | Became a worshipper of Lugonu the Unformed
  3676 | D:3      | Reached * piety under Lugonu
  3681 | D:3      | Voluntarily entered the Abyss.
  3714 | Abyss:1  | Noticed a neqoxec
  3719 | Abyss:1  | Gained mutation: Your body sometimes deteriorates upon
                  | taking damage. [a neqoxec]
  3735 | Abyss:1  | Noticed an ancient zyme
  3740 | Abyss:1  | Slain by an ancient zyme

Illustrated notes

Levels and vault maps discovered:
D:1:      matt_arrival_grand_opening, layout_basic, minmay_tromino_v4_c
D:2:      layout_rooms, marbit_many_paths, kennysheep_okawaru_gauntlet
D:3:      layout_basic, amcnicky_altar_lugonu_corruption
Abyss:1:  base:
D:1

Skill      XL: |  1  2  3  4 |
---------------+-------------+-----
Spellcasting   | 3 |  3.5
Armour         | 1 |  1.7
Fighting       | 1 |  1.6
Dodging        | 3 |  3.0
Stealth        | |  1.5

Action                   |  1- 3 |  4- 6 || total
-------------------------+-------+-------++-------
Melee: Whip              |    12 |    15 ||    27
 Cast: Foxfire           |    84 |    31 ||   115
       Inner Flame       |       |     2 ||     2
  Use: Scroll            |       |     1 ||     1
       Potion            |       |     1 ||     1
 Stab: Sleeping          |       |     1 ||     1
Armor: Robe              |    14 |     4 ||    18
Dodge: Dodged            |    30 |     9 ||    39

Table legend: (Time is in decaauts)
 A = Elapsed time spent in this place.
 B = Non-inter-level travel time spent in this place.
 C = Inter-level travel time spent in this place.
 D = Time resting spent in this place.
 E = Time spent auto-exploring this place.
 F = Levels seen in this place.
 G = Mean time per level.
                   A        B        C        D        E       F      G
               +--------+--------+--------+--------+--------+-----+--------+
         Total |   3745 |   3584 |    161 |    617 |   2382 |   4 |  936.2 |
       Dungeon |   3686 |   3525 |    161 |    617 |   2382 |   3 | 1228.7 |
         Abyss |     58 |     58 |      0 |      0 |      0 |   1 |   58.0 |
               +--------+--------+--------+--------+--------+-----+--------+

Top non-repeatable levels by time:
     D:1: 1648 daAuts
     D:2: 1062 daAuts
     D:3: 975 daAuts
 Abyss:1: 58 daAuts
